 Dungeon Crawl Stone Soup version 0.27.1-4-g1640c2035a (webtiles) character file.

Game seed: 9254408361973081106

77 Tinkle the Skirmisher (level 4, -1/42 HPs)
             Began as a Minotaur Berserker on Nov 8, 2021.
             Was a Believer of Trog.
             Killed from afar by Ijyb (11 damage)
             ... with a bolt of acid
             ... on level 3 of the Dungeon.
             The game lasted 00:04:09 (2510 turns).

Tinkle the Skirmisher (Minotaur Berserker)          Turns: 2510, Time: 00:04:10

Health: -1/42      AC:  4    Str: 22    XL:     4   Next: 14%
Magic:  3/3        EV:  8    Int:  4    God:    Trog [**....]
Gold:   92         SH:  0    Dex: 10    Spells: 3/3 levels left

rFire    . . .     SeeInvis +   a - +0 hand axe
rCold    . . .     Faith    .   (no shield)
rNeg     . . .     Spirit   .   o - +0 chain mail
rPois    .         Reflect  .   (helmet restricted)
rElec    .         Harm     .   (no cloak)
rCorr    .         Rampage  .   (no gloves)
Will     ++...                  (no boots)
Stlth    ..........             (no amulet)
HPRegen  1.14/turn              e - ring of see invisible
MPRegen  0.08/turn              (no ring)

@: strong-willed (expiring), corroded, regenerating (expiring)
A: horns 2, retaliatory headbutt
a: Renounce Religion, Berserk, Trog's Hand


You were on level 3 of the Dungeon.
You worshipped Trog.
Trog was pleased with you.
You visited 1 branch of the dungeon, and saw 3 of its levels.

You collected 92 gold pieces.

Inventory:

Hand Weapons
 a - a +0 hand axe (weapon)
Missiles
 m - 2 boomerangs (quivered)
Armour
 o - a +0 chain mail (worn)
Jewellery
 e - a ring of see invisible (left hand)
Scrolls
 b - 2 scrolls of magic mapping {unknown}
 c - a scroll of acquirement {unknown}
 d - 2 scrolls of summoning
 h - 2 scrolls of identify {unknown}
 k - a scroll of silence {unknown}
 l - a scroll of immolation {unknown}
 r - a scroll of noise {unknown}
 s - a scroll of teleportation {unknown}
Potions
 f - a potion of berserk rage {unknown}
 g - a potion of brilliance {unknown}
 i - 2 potions of mutation {unknown}
 j - a potion of ambrosia {unknown}
 n - a potion of lignification {unknown}
 p - a potion of flight {unknown}
 q - a potion of heal wounds {unknown}
 t - a potion of magic {unknown}
 u - a potion of curing {unknown}


   Skills:
 - Level 5.0 Fighting
 + Level 5.0 Axes
 - Level 2.4 Armour
 - Level 2.1 Dodging


You had 3 spell levels left.
You didn't know any spells.
Your spell library was empty.

Dungeon Overview and Level Annotations

Branches:
Dungeon (3/15)

Altars:

Annotations:
D:3 Ijyb


Innate Abilities, Weirdness & Mutations

You have a pair of horns on your head.
You reflexively headbutt those who attack you in melee.


Message History

You hit the endoplasm.
You kill the endoplasm!
Trog accepts your kill.
No target in view!
HP restored.
u - an inky potion
Found an escape hatch in the floor.
Ijyb the Twisted Goblin comes into view.
She is wielding a +0 club and carrying a wand of acid (5).
Ijyb shouts!
Ijyb is nearby!
Ijyb zaps a wand.
The bolt of acid hits you! The acid corrodes you!
You are splashed with acid!
Your skin crawls.
You feel strong-willed.
A kobold comes into view. It is wielding a +0 dagger.
The kobold shouts!
The kobold throws a stone.
The stone hits you.
You see here 11 gold pieces.
Found a scroll labelled VIMMUNEXACW.
Found a stone staircase leading down.
The kobold throws a stone.
The stone hits you but does no damage. Ijyb barely misses you.
You closely miss Ijyb. Your headbutt misses Ijyb.
The kobold throws a stone.
The stone barely misses you. Ijyb hits you with a +0 club.
You hit Ijyb but do no damage. Ijyb hits you with a +0 club.
* * * LOW HITPOINT WARNING * * *
You closely miss Ijyb. Ijyb hits you with a +0 club.
* * * LOW HITPOINT WARNING * * *
You closely miss Ijyb. You headbutt Ijyb!
Ijyb is moderately wounded.
Ijyb hits you with a +0 club.
* * * LOW HITPOINT WARNING * * *
You hit Ijyb but do no damage.
Ijyb is moderately wounded.
You feel the effects of Trog's Hand fading.
Ijyb barely misses you.
The kobold throws a stone.
The stone hits you but does no damage.
You hit Ijyb. Your headbutt misses Ijyb.
Ijyb is severely wounded.
Ijyb zaps a wand.
The bolt of acid hits you!
You die...

#### ##..#....##
##.##.... ###
#.##.####
#....#....#
...........#
##..>.###K.##
......###...######.#
#...........$.......
##....####..@#######
#.. #.....g.....#
### #..............
..............#
.............##
..............#
...............
.....>.......?.


You could see Ijyb and a kobold.

Vanquished Creatures
  An iguana (D:2)
  A gnoll (D:1)
  6 ball pythons
  5 bats
  3 endoplasms
  4 giant cockroaches
  3 goblins
  3 hobgoblins
  2 quokkas (D:2)
  2 frilled lizards (D:1)
  5 kobolds
  5 rats
40 creatures vanquished.

Notes
Turn   | Place    | Note
-------+----------+-------------------------------------------
     0 | D:1      | Tinkle the Minotaur Berserker began the quest for the Orb.
     0 | D:1      | Reached XP level 1. HP: 19/19 MP: 0/0
   164 | D:1      | Reached XP level 2. HP: 9/27 MP: 1/1
  1107 | D:1      | Reached XP level 3. HP: 34/34 MP: 2/2
  1451 | D:1      | Found a faded altar of an unknown god.
  1885 | D:2      | Reached ** piety under Trog
  2318 | D:2      | Reached XP level 4. HP: 41/41 MP: 3/3
  2398 | D:2      | Reached skill level 5 in Fighting
  2461 | D:3      | Reached skill level 5 in Axes
  2500 | D:3      | Noticed Ijyb
  2510 | D:3      | Killed from afar by Ijyb

Illustrated notes

Levels and vault maps discovered:
D:1:      wander_arrival_chamber, layout_basic,
          shapermc_ecumenical_altar_mp_highgroup, minmay_tetromino_i2
D:2:      layout_basic, minmay_misc_feat_ornament
D:3:      layout_rooms, gammafunk_temple_overflow_statue,
          minmay_fractal_squares_gapless_5, uniq_jessica, uniq_ijyb,
          uniq_sigmund

Skill      XL: |  1  2  3  4 |
---------------+-------------+-----
Fighting       | 4 5 |  5.0
Axes           | 4 5 |  5.0
Armour         | |  2.4
Dodging        | |  2.1

Action                   |  1- 3 |  4- 6 || total
-------------------------+-------+-------++-------
Melee: Hand axe          |    58 |    16 ||    74
       Headbutt          |     7 |     1 ||     8
Invok: Trog's Hand       |       |     1 ||     1
  Use: Scroll            |     1 |       ||     1
Armor: Animal skin       |     9 |       ||     9
       Chain mail        |     7 |     8 ||    15
Dodge: Dodged            |    42 |     7 ||    49
